 Dungeon Crawl Stone Soup version 0.22.1-2-g9c5b331383 (webtiles) character file.

12088 Jynx the Geomancer (level 11, -7/54 HPs)
             Began as a Gargoyle Earth Elementalist on Nov 23, 2018.
             Was a Believer of Ashenzari.
             Mangled by a blink frog (13 damage)
             ... on level 2 of the Lair of Beasts.
             The game lasted 00:22:42 (11560 turns).

Jynx the Geomancer (Gargoyle Earth Elementalist)   Turns: 11560, Time: 00:22:43

Health: -7/54      AC: 15    Str: 11    XL:     11   Next: 87%
Magic:  10/23      EV: 13    Int: 19    God:    Ashenzari [**....]
Gold:   857        SH:  0    Dex: 11    Spells: 16/27 levels left

rFire    . . .     SeeInvis +   t - +6 dagger (venom) (curse)
rCold    + . .     Gourm    .   (no shield)
rNeg     + . .     Faith    .   c - +2 robe (curse)
rPois    ∞         Spirit   .   (no helmet)
rElec    +         Reflect  .   (no cloak)
rCorr    .         Harm     .   w - +2 pair of gloves (curse)
MR       .....                  (no boots)
Stlth    +++.......             (no amulet)
HPRegen  0.18/turn              x - ring of see invisible (curse)
MPRegen  0.18/turn              u - +2 ring of slaying (curse)

@: very slightly contaminated
A: cold resistance 1, deterioration 1, negative energy resistance 1, electricity
resistance, unbreathing, petrification resistance, rot immunity, AC +8
a: Curse Item, Scrying, Renounce Religion


You were on level 2 of the Lair of Beasts.
You worshipped Ashenzari.
Ashenzari was pleased with you.
You were not hungry.

You visited 2 branches of the dungeon, and saw 13 of its levels.

You collected 857 gold pieces.

Inventory:

Hand Weapons
 t - a cursed +6 dagger of venom (weapon)
Missiles
 b - 79 stones (quivered)
Armour
 c - a cursed +2 robe (worn)
 w - a cursed +2 pair of gloves (worn)
Jewellery
 g - a +1 ring of protection
 i - an uncursed ring of flight
 u - a cursed +2 ring of slaying (right hand)
 x - a cursed ring of see invisible (left hand)
Wands
 q - a wand of acid (10)
 r - a wand of polymorph (12)
 v - a wand of clouds (6)
 A - a wand of flame (35)
 B - a wand of iceblast (6)
Scrolls
 h - 5 scrolls of amnesia
 j - 3 scrolls of remove curse
 k - a scroll of blinking
 m - a scroll of enchant armour
 y - a scroll of teleportation
 D - a scroll of fear
Potions
 a - 2 potions of degeneration
 e - 2 potions of brilliance
 f - a potion of invisibility
 l - 2 potions of might
 n - a potion of cancellation {unknown}
 o - 4 potions of curing
 p - 5 potions of heal wounds
 s - a potion of flight {unknown}
 z - a potion of resistance
Comestibles
 d - 17 rations


   Skills:
 - Level 7.8(10.1) Short Blades
 * Level 3.6 Dodging
 * Level 6.5 Stealth
 + Level 8.6 Spellcasting
 - Level 0.7(1.4) Transmutations
 - Level 14.3(15.4) Earth Magic


You had 16 spell levels left.
You knew the following spells:

 Your Spells              Type           Power        Failure   Level  Hunger
a - Sandblast             Erth           ######       0%          1    None
b - Passwall              Tmut/Erth      #####...     1%          2    None
c - Stone Arrow           Conj/Erth      #####.       1%          3    None
d - Lee's Rapid Deconstr  Erth           ######....   1%          5    #####..

Your spell library contained the following spells:

 Spells                   Type           Power        Failure   Level  Hunger
 Petrify                  Tmut/Erth      #####...     2%          4    ###....
 Beastly Appendage        Tmut           ##....       4%          1    None
 Sticks to Snakes         Tmut           ##......     7%          2    None
 Infusion                 Chrm           #...         9%          1    None
 Magic Dart               Conj           #...         9%          1    None
 Blink                    Tloc           N/A          12%         2    None
 Call Imp                 Summ           #.......     12%         2    None
 Shroud of Golubria       Chrm/Tloc      #.........   12%         2    None
 Slow                     Hex            #.......     12%         2    None
 Song of Slaying          Chrm           #.......     12%         2    None
 Spider Form              Tmut/Pois      ##........   19%         3    None
 Conjure Flame            Conj/Fire      #.......     24%         3    None
 Mephitic Cloud           Conj/Pois/Air  #.......     24%         3    None
 Regeneration             Chrm/Necr      #.........   24%         3    None
 Spectral Weapon          Hex/Chrm       #.......     24%         3    None
 Ice Form                 Ice/Tmut       ##......     52%         4    ###....
 Blade Hands              Tmut           ##........   78%         5    #####..


Dungeon Overview and Level Annotations

Branches:
Dungeon (10/15)            Temple (0/1) D:6            Lair (3/6) D:9
 Shoals (0/4) Lair:2
  Snake: Lair:2-4    Spider: Lair:2-4       Orc: D:9-12

Altars:
Ashenzari
Dithmenos
Hepliaklqana
Makhleb
Nemelex Xobeh
Uskayaw

Annotations:
D:4 1 runed door, Ihlosi's ghost, amateur HuGl
Lair:2 1 runed door, jokaro's ghost, journeyman MiBe


Innate Abilities, Weirdness & Mutations

You are resistant to torment.
Your stone body is resilient. (AC +8)
You are immune to poison.
You resist negative energy. (rN+)
You are resistant to electric shocks. (rElec)
You can survive without breathing.
You are immune to petrification.
You are immune to rotting.
Your flesh is cold resistant. (rC+)
Your body sometimes deteriorates upon taking damage.


Message History

The blink frog hits you.
* * * LOW HITPOINT WARNING * * *
The blink frog blinks!
Casting: Sandblast (safe; 0% risk of failure)
Confirm with . or Enter, or press ? or * to list all spells.
Aiming: Sandblast (safe; 0% risk of failure)
Press: ? - help, Shift-Dir - straight line, f/p - blink frog
Aim: a blink frog (severely wounded)
The blast of sand misses the blink frog.
b - 80 stones
Casting: Sandblast (safe; 0% risk of failure)
Confirm with . or Enter, or press ? or * to list all spells.
Aiming: Sandblast (safe; 0% risk of failure)
Press: ? - help, Shift-Dir - straight line, f/p - blink frog
Aim: a blink frog (severely wounded)
The blast of sand hits the blink frog.
The blink frog is almost dead.
b - 79 stones The blink frog hits you!
You die...

..##...##..#..###.# ###.###....#
...#..###.......#.####P.........#
.......#.........................
.......#.....#.#.#.#.#..........÷
.................................
..##.........#.......#...........
#.###...................)........
..#####P#....#.......#..........P
...# ######....@.....#.........#
#.## ###..F....##.......### ###
#..........######### #.#.#.#.#.##
###.###.##.# ### #.#### ###


You could see a blink frog.

Vanquished Creatures
  A hydra (Lair:1)
  2 two-headed ogres
  A black mamba (Lair:2)
  2 spiny frogs
  A rime drake (Lair:1)
  2 komodo dragons (Lair:2)
  Prince Ribbit (D:6)
  8 blink frogs
  A hippogriff (Lair:2)
  4 slime creatures (D:9)
  A yak (Lair:2)
  2 basilisks (Lair:2)
  A wyvern (Lair:2)
  3 wargs
  4 porcupines
  5 water moccasins
  A phantom (D:9)
  A sky beast (D:8)
  2 orc warriors
  2 ice beasts (D:5)
  2 ogres
  6 wolves (Lair:1)
  3 centaurs
  10 crocodiles
  2 bullfrogs
  A wyvern zombie (D:8)
  A wyvern skeleton (D:8)
  A howler monkey (D:4)
  3 killer bees (D:8)
  An electric eel (Lair:2)
  2 bullfrog zombies
  6 crimson imps
  2 centaur skeletons
  7 hounds
  A jelly (D:5)
  7 orc wizards
  6 orc priests
  A gnoll shaman (D:4)
  Terence (D:1)
  2 iguanas
  5 worker ants
  A howler monkey zombie (D:9)
  7 gnolls
  3 adders
  A shadow imp (D:9)
  3 worms (D:2)
  3 dart slugs
  2 leopard geckos
  26 orcs
  5 bats
  2 giant cockroaches
  3 goblins
  3 hobgoblins (D:3)
  9 jackals
  8 kobolds
  A quokka (D:9)
  2 ball pythons
  A frilled lizard (D:3)
  A giant cockroach zombie (D:5)
  A jackal skeleton (D:4)
  3 leopard gecko skeletons (D:4)
  A leopard gecko zombie (D:6)
  A quokka skeleton (D:5)
  A quokka zombie (D:8)
  6 rats
209 creatures vanquished.

Vanquished Creatures (others)
  4 fungi
4 creatures vanquished.

Grand Total: 213 creatures vanquished

Notes
Turn   | Place    | Note
-------+----------+-------------------------------------------
     0 | D:1      | Jynx the Gargoyle Earth Elementalist began the quest for
                  | the Orb.
     0 | D:1      | Reached XP level 1. HP: 10/10 MP: 3/3
   155 | D:1      | Reached skill level 4 in Earth Magic
   203 | D:1      | Reached XP level 2. HP: 15/15 MP: 5/5
   789 | D:2      | Noticed Terence
   838 | D:1      | Learned a level 2 spell: Passwall
   902 | D:2      | Reached XP level 3. HP: 19/19 MP: 0/6
  1050 | D:1      | Learned a level 3 spell: Stone Arrow
  1183 | D:1      | Killed Terence
  1183 | D:1      | Reached skill level 5 in Earth Magic
  1454 | D:2      | Reached XP level 4. HP: 24/24 MP: 4/8
  2381 | D:3      | Reached XP level 5. HP: 25/28 MP: 9/9
  2504 | D:3      | Reached skill level 6 in Earth Magic
  2972 | D:4      | Found a runed door.
  2975 | D:4      | Noticed Ihlosi's ghost (amateur HuGl)
  2980 | D:4      | Reached XP level 6. HP: 32/32 MP: 8/11
  3028 | D:4      | Reached skill level 7 in Earth Magic
  3802 | D:4      | Gained mutation: You passively map a small area around you.
                  | [potion of mutation]
  3802 | D:4      | Gained mutation: You have large cloven feet. [potion of
                  | mutation]
  3802 | D:4      | Gained mutation: Your flesh is cold resistant. (rC+)
                  | [potion of mutation]
  3803 | D:4      | Lost mutation: You passively map a small area around you.
                  | [potion of mutation]
  3803 | D:4      | Lost mutation: You have large cloven feet. [potion of
                  | mutation]
  3803 | D:4      | Lost mutation: Your flesh is cold resistant. (rC+) [potion
                  | of mutation]
  3803 | D:4      | Gained mutation: Your body sometimes deteriorates upon
                  | taking damage. [potion of mutation]
  3803 | D:4      | Gained mutation: Your flesh is cold resistant. (rC+)
                  | [potion of mutation]
  3815 | D:5      | Entered Level 5 of the Dungeon
  4172 | D:5      | Reached XP level 7. HP: 36/36 MP: 9/13
  4232 | D:5      | Reached skill level 8 in Earth Magic
  4309 | D:5      | Found a shadowy altar of Dithmenos.
  4357 | D:5      | Found a shattered altar of Ashenzari.
  4361 | D:5      | Became a worshipper of Ashenzari the Shackled
  4365 | D:5      | Found a sparkling altar of Nemelex Xobeh.
  4511 | D:5      | Reached skill level 9 in Earth Magic
  4663 | D:6      | Reached XP level 8. HP: 41/41 MP: 10/15
  4666 | D:6      | Reached skill level 5 in Spellcasting
  4801 | D:6      | Reached skill level 10 in Earth Magic
  4917 | D:6      | Found a staircase to the Ecumenical Temple.
  4918 | D:6      | Noticed Prince Ribbit
  4922 | D:6      | Killed Prince Ribbit
  5388 | D:6      | Found a burning altar of Makhleb.
  5447 | D:6      | Reached skill level 1 in Short Blades
  5447 | D:6      | Reached skill level 11 in Earth Magic
  5631 | D:7      | Noticed a two-headed ogre
  5636 | D:7      | Killed a two-headed ogre
  5636 | D:7      | Reached XP level 9. HP: 24/45 MP: 12/18
  6513 | D:8      | Reached * piety under Ashenzari
  6753 | D:8      | Reached skill level 12 in Earth Magic
  7123 | D:8      | Noticed a two-headed ogre
  7132 | D:8      | Killed a two-headed ogre
  7132 | D:8      | Reached skill level 5 in Short Blades
  7132 | D:8      | Reached XP level 10. HP: 26/50 MP: 13/20
  7592 | D:9      | Found Saucs's Food Shoppe.
  7811 | D:9      | Found a staircase to the Lair.
  7853 | D:9      | Reached skill level 13 in Earth Magic
  8322 | D:9      | Found a hazy altar of Hepliaklqana.
  8348 | D:9      | Found a hide-covered altar of Uskayaw.
  8530 | D:10     | Entered Level 10 of the Dungeon
  8531 | D:10     | Noticed a red ugly thing
  8594 | Lair:1   | Entered Level 1 of the Lair of Beasts
  8938 | Lair:1   | Reached ** piety under Ashenzari
  9013 | Lair:1   | Noticed a spiny frog
  9025 | Lair:1   | Killed a spiny frog
  9257 | Lair:1   | Reached XP level 11. HP: 35/54 MP: 22/22
  9424 | Lair:1   | Learned a level 5 spell: Lee's Rapid Deconstruction
  9799 | Lair:1   | Noticed an eight-headed hydra
  9806 | Lair:1   | Killed an eight-headed hydra
  9806 | Lair:1   | Reached skill level 14 in Earth Magic
 10817 | Lair:2   | Found a staircase to the Shoals.
 10853 | Lair:2   | Identified the cursed +0 leather armour of a volcano
                  | {+Blink Str+4 Int-5}
 10857 | Lair:2   | Found a runed door.
 10862 | Lair:2   | Noticed jokaro's ghost (journeyman MiBe)
 10895 | Lair:2   | Reached skill level 5 in Stealth
 11560 | Lair:2   | Mangled by a blink frog

Skill      XL: |  1  2  3  4  5  6  7  8  9 10 11 |
---------------+----------------------------------+-----
Earth Magic    | 4 5 6 7 9 11 12 13 14 | 14.3
Spellcasting   | 3 4 6 7 8 |  8.6
Short Blades   | 3 5 7 |  7.8
Stealth        | 6 |  6.5
Dodging        | 3 |  3.6
Transmutations | |  0.7

Action                   |  1- 3 |  4- 6 |  7- 9 | 10-12 || total
-------------------------+-------+-------+-------+-------++-------
Melee: Unarmed           |    26 |    55 |       |       ||    81
       Dagger            |       |       |   165 |   158 ||   323
 Cast: Sandblast         |    44 |    70 |    97 |   134 ||   345
Invok: Curse Item        |       |       |       |     5 ||     5
  Use: Scroll            |     2 |     7 |     5 |    13 ||    27
       Potion            |       |     2 |       |       ||     2
 Stab: Sleeping          |       |       |     4 |     1 ||     5
  Eat: Chunk             |     1 |     9 |     9 |     8 ||    27
       Ration            |       |       |       |     2 ||     2
Armor: Robe              |    16 |    31 |    98 |    55 ||   200
Dodge: Dodged            |    45 |    51 |   121 |   104 ||   321
